Map: Dusk Towers

Players

Miszu

  • Race: Zerg Zerg
  • League: Master

MorroW - Winner!

  • Race: Protoss Protoss
  • League: Grandmaster

VOD

Have the link to the VOD?

Description

Time

  • Played on: March 6, 2016, 6:09 p.m.
  • Length: 11:43
Show
View Real Time Build Order
Export as new Build Order

Miszu Zerg 

Build Orders: Hatch First 

Get SALT Encoding   

  12  0:01  Drone  
  13  0:15  Overlord  
  13  0:20  Drone  
  14  0:34  Drone x2  
  16  0:37  Drone  
  17  0:53  Hatchery  
  17  0:55  Drone  
  17  0:59  Drone  
  17  1:03  Extractor  
  17  1:15  Drone  
  18  1:19  Spawning Pool  
  18  1:22  Drone  
  18  1:31  Drone  
  19  1:50  Drone  
  20  2:06  Zergling x6  
  20  2:07  Queen x2  
  27  2:11  Metabolic Boost  
  27  2:13  Drone  
  28  2:23  Overlord  
  28  2:40  Hatchery  
  28  2:43  Drone x3  
  30  2:47  Drone  
  30  2:49  Drone  
  32  2:52  Drone  
  34  2:58  Drone  
  34  3:06  Drone  
  34  3:07  Drone  
  34  3:12  Overlord  
  35  3:15  Extractor x2  
  35  3:16  Overlord  
  34  3:20  Drone x3  
  34  3:24  Drone  
  36  3:35  Roach Warren  
  36  3:39  Drone x4  
  39  3:43  Drone  
  40  3:51  Drone x6  
  46  3:58  Queen  
  46  4:01  Drone x2  
  46  4:02  Drone  
  51  4:08  Overlord  
  51  4:10  Spore Crawler  
  51  4:15  Lair  
  50  4:20  Overlord  
  50  4:26  Spore Crawler  
  50  4:29  Drone x5  
  50  4:30  Drone  
  56  4:31  Drone  
  56  4:33  Drone  
  56  4:34  Drone  
  58  4:42  Drone x3  
  58  4:43  Extractor, Drone x2  
  62  4:46  Drone  
  62  4:54  Drone x5  
  66  5:03  Overlord  
  65  5:15  Spore Crawler  
  65  5:19  Hydralisk Den  
  65  5:20  Infestation Pit  
  62  5:22  Overlord x2  
  62  5:23  Drone x2, Evolution Chamber x2  
  62  5:25  Drone x4  
  62  5:27  Extractor  
  64  5:28  Extractor  
  64  5:29  Drone  
  65  5:38  Drone x2  
  66  5:48  Overlord  
  65  5:50  Overlord  
  65  5:52  Muscular Augments  
  65  5:53  Hydralisk  
  65  5:54  Hydralisk x3  
  73  6:00  Zerg Melee Weapons Level 1, Zerg Ground Armor Level 1  
  67  6:13  Hive  
  67  6:16  Drone  
  67  6:17  Drone x4  
  67  6:18  Overlord, Hydralisk x2  
  72  6:24  Overlord  
  72  6:25  Overlord  
  76  6:28  Queen  
  76  6:30  Drone x3, Hatchery  
  76  6:31  Drone  
  81  6:39  Hydralisk x2  
  81  6:40  Hydralisk  
  81  6:43  Queen  
  87  6:49  Hydralisk  
  87  6:50  Hydralisk  
  87  6:54  Hydralisk x2  
  88  6:57  Hydralisk  
  91  7:03  Hydralisk  
  91  7:04  Hydralisk  
  91  7:08  Drone x3  
  94  7:14  Drone x3  
  98  7:20  Drone x2  
  97  7:29  Adrenal Glands  
  97  7:31  Ultralisk Cavern  
  97  7:34  Drone  
  97  7:35  Nydus Network  
  96  7:37  Drone x2  
  96  7:39  Drone  
  96  7:42  Drone x2  
  101  7:48  Drone x3  
  101  7:49  Drone  
  101  7:50  Viper  
  108  7:56  Viper  
  108  7:58  Zergling x6  
  114  8:03  Overlord, Zergling x2  
  115  8:08  Zergling x8  
  115  8:09  Zergling x2  
  115  8:12  Zerg Melee Weapons Level 2  
  120  8:20  Overseer  
  120  8:24  Zerg Ground Armor Level 2  
  120  8:30  Overlord  
  120  8:31  Overlord  
  120  8:39  Hatchery  
  120  8:41  Nydus Canal  
  119  8:42  Burrow  
  119  8:47  Zergling x4  
  119  8:48  Zergling x14  
  128  8:52  Zergling x10  
  128  9:04  Ultralisk, Viper  
  128  9:08  Zergling x8  
  141  9:18  Overlord  
  141  9:19  Overlord x3  
  141  9:28  Overlord  
  140  9:36  Extractor  
  140  9:37  Ultralisk  
  145  9:40  Ultralisk  
  151  9:49  Overseer  
  151  9:50  Overseer  
  151  9:53  Ultralisk  
  151  9:57  Pneumatized Carapace  
  157  10:00  Overlord, Extractor  
  157  10:01  Overlord  
  156  10:08  Ultralisk  
  156  10:10  Drone  
  156  10:11  Zergling x4  
  165  10:22  Queen  
  165  10:26  Ultralisk  
  173  10:35  Drone x9  
  177  10:36  Drone  
  177  10:40  Overlord  
  183  10:43  Overlord  
  183  10:45  Overlord  
  176  10:58  Nydus Canal  
  176  10:59  Zergling x6  
  177  11:13  Nydus Canal  
  155  11:25  Zergling x42  
  128  11:26  Zergling x6  
Show
View Real Time Build Order
Export as new Build Order

MorroW Protoss - Winner!

Build Orders: 1 Gate Expand, Phoenix Opening 

Get SALT Encoding   

  12  0:00  Probe (Chrono Boost)  
  13  0:11  Probe (Chrono Boost)  
  14  0:19  Pylon  
  14  0:22  Probe (Chrono Boost)  
  15  0:37  Gateway, Probe (Chrono Boost)  
  15  0:42  Assimilator  
  16  0:47  Probe (Chrono Boost)  
  17  0:58  Probe (Chrono Boost)  
  18  1:08  Probe (Chrono Boost)  
  19  1:20  Nexus  
  19  1:22  Probe (Chrono Boost)  
  21  1:33  Probe (Chrono Boost)  
  21  1:35  Cybernetics Core  
  21  1:43  Probe (Chrono Boost)  
  21  1:46  Assimilator  
  22  1:49  Pylon  
  22  1:54  Probe (Chrono Boost)  
  23  2:07  Probe (Chrono Boost)  
  24  2:11  Adept (Chrono Boost)  
  24  2:12  Warp Gate  
  26  2:19  Probe (Chrono Boost)  
  27  2:31  Probe (Chrono Boost)  
  27  2:32  Probe (Chrono Boost)  
  27  2:36  Adept  
  31  2:40  Stargate  
  31  2:41  Probe (Chrono Boost)  
  31  2:43  Probe (Chrono Boost)  
  33  2:52  Probe (Chrono Boost)  
  33  2:54  Probe (Chrono Boost)  
  35  3:02  Probe (Chrono Boost)  
  35  3:04  Probe (Chrono Boost)  
  37  3:13  Probe (Chrono Boost)  
  37  3:15  Probe (Chrono Boost)  
  39  3:23  Probe (Chrono Boost), Phoenix  
  39  3:25  Probe (Chrono Boost)  
  43  3:32  Pylon  
  44  3:34  Nexus, Probe (Chrono Boost)  
  44  3:38  Probe (Chrono Boost)  
  44  3:40  Pylon  
  45  3:50  Mothership Core (Chrono Boost), Phoenix (Chrono Boost)  
  45  3:52  Probe (Chrono Boost)  
  50  3:56  Gateway  
  50  3:57  Gateway  
  50  4:02  Probe (Chrono Boost)  
  50  4:09  Probe  
  52  4:10  Assimilator x2  
  52  4:12  Probe  
  52  4:14  Phoenix (Chrono Boost)  
  55  4:17  Pylon  
  55  4:21  Probe  
  55  4:22  Probe  
  57  4:31  Robotics Facility  
  57  4:33  Pylon, Probe x2  
  57  4:36  Phoenix (Chrono Boost)  
  61  4:43  Probe  
  61  4:44  Probe  
  61  4:45  Probe  
  64  4:54  Probe  
  64  4:55  Probe  
  64  4:57  Probe  
  64  4:58  Phoenix (Chrono Boost)  
  69  5:04  Probe  
  69  5:05  Probe  
  70  5:09  Probe  
  72  5:15  Probe  
  72  5:16  Probe  
  72  5:18  Robotics Facility, Twilight Council  
  72  5:20  Forge  
  74  5:21  Probe  
  74  5:22  Warp Prism  
  74  5:25  Probe  
  74  5:26  Probe  
  79  5:31  Assimilator  
  79  5:32  Assimilator  
  79  5:35  Probe  
  79  5:36  Pylon x3, Probe  
  79  5:39  Probe  
  82  5:46  Probe  
  82  5:48  Adept x2, Probe  
  88  5:50  Sentry, Probe  
  88  5:52  Protoss Ground Weapons Level 1 (Chrono Boost)  
  88  5:54  Charge  
  91  5:57  Templar Archives, Probe  
  91  6:00  Probe  
  93  6:07  Probe  
  93  6:08  Probe  
  95  6:20  Immortal x2 (Chrono Boost)  
  103  6:28  Gateway  
  103  6:29  Gateway  
  103  6:31  Gateway  
  103  6:37  Gateway  
  103  6:39  Probe x3  
  106  6:40  Gateway  
  106  6:43  Gateway  
  106  6:47  Pylon  
  106  6:50  Pylon  
  106  6:52  Pylon  
  106  6:54  Pylon  
  104  7:07  Immortal (Chrono Boost)  
  104  7:08  Zealot x3  
  106  7:09  Immortal (Chrono Boost)  
  106  7:12  Psionic Storm, Nexus  
  106  7:14  Pylon  
  112  7:30  Pylon  
  112  7:33  High Templar x4  
  112  7:36  Zealot x2  
  124  7:38  Immortal  
  124  7:42  High Templar, Protoss Ground Weapons Level 2  
  130  7:46  Observer, Zealot x2  
  130  7:49  Probe x3  
  138  7:53  Assimilator, Photon Cannon  
  138  7:54  Assimilator  
  138  7:55  Photon Cannon x2  
  138  8:01  Probe  
  138  8:03  Zealot, Photon Cannon  
  138  8:04  Zealot  
  143  8:14  Zealot x3  
  143  8:16  Zealot  
  151  8:20  Zealot  
  151  8:21  Zealot  
  155  8:29  Immortal x2  
  159  8:41  Gateway x2  
  163  8:45  Zealot x3  
  163  8:48  Zealot  
  171  8:55  Gateway  
  171  8:56  Gateway  
  171  9:05  High Templar x4  
  171  9:08  Pylon x3  
  179  9:11  Archon x2  
  179  9:25  Photon Cannon  
  179  9:27  Photon Cannon  
  179  9:29  Dark Shrine  
  179  9:31  Photon Cannon  
  179  9:32  Pylon  
  179  9:37  Stargate  
  179  9:41  Fleet Beacon  
  179  9:42  Observer  
  179  9:43  Oracle  
  179  9:44  Forge, Cybernetics Core, Observer, Protoss Ground Armor Level 1  
  184  10:06  Immortal  
  184  10:08  Immortal  
  184  10:09  Nexus  
  192  10:33  Tempest x2  
  198  10:43  Pylon  
  198  10:45  Assimilator  
  198  10:49  Assimilator  
  198  10:56  Nexus  
  196  10:58  Dark Templar  
  196  10:59  Dark Templar  
  196  11:25  Archon  
  174  11:29  Dark Templar x2  
  172  11:42  High Templar  
Tags
 
Add a new tag
Caveats
  • Supply blocks, unpowered buildings, or Contaminate may cause inaccurate times.
  • Supply counts are checked every 10 seconds.